 Dungeon Crawl Stone Soup version 0.28.0-43-g3370ac3207 (webtiles) character file.

Game seed: 15829909668506837115

46 yohohoo the Skirmisher (level 3, -2/33 HPs)
             Began as a Draconian Chaos Knight on Apr 1, 2022.
             Was a Plaything of Xom.
             Slain by an iguana (4 damage)
             ... on level 4 of the Dungeon.
             The game lasted 00:24:49 (1659 turns).

yohohoo the Skirmisher (Draconian Chaos Knight)     Turns: 1659, Time: 00:24:50

Health: -2/33      AC:  5    Str: 14    XL:     3   Next: 46%
Magic:  3/3        EV: 12    Int: 12    God:    Xom [.*....]
Gold:   39         SH:  0    Dex: 12    Spells: 2/2 levels left

rFire   . . .      SeeInvis .   a - +0 hand axe (chaos)
rCold   . . .      Faith    .   (no shield)
rNeg    . . .      Spirit   .   (armour unavailable)
rPois   .          Reflect  .   (helmet restricted)
rElec   .          Harm     .   (no cloak)
rCorr   .          Rampage  .   (no gloves)
Will    .....                   (no boots)
Stlth   +.........              (no amulet)
HPRegen 0.11/turn               (no ring)
MPRegen 0.08/turn               (no ring)

@: no status effects
A: AC +5, unfitting armour, cold-blooded
a: Renounce Religion


You were on level 4 of the Dungeon.
You worshipped Xom.
You were a plaything of Xom.
You visited 1 branch of the dungeon, and saw 4 of its levels.

You collected 39 gold pieces.

Inventory:

Hand Weapons
 a - a +0 hand axe of chaos (weapon)
 b - a +0 short sword
 c - a +0 dagger
 f - a +0 short sword
Armour
 e - a +0 robe
Scrolls
 h - a scroll of identify
 j - a scroll of vulnerability {unknown}
Potions
 d - a potion of magic
 g - a potion of curing {unknown}
 i - a potion of attraction {unknown}
 k - a potion of flight {unknown}


   Skills:
 + Level 3.8 Fighting
 + Level 3.7 Axes
 + Level 2.6 Dodging
 + Level 0.1 Stealth


You had 2 spell levels left.
You didn't know any spells.
Your spell library was empty.

Dungeon Overview and Level Annotations

Branches:
Dungeon (4/15)
 Temple: D:4-7

Altars:
Fedhas


Innate Abilities, Weirdness & Mutations

Your plain brown scales are hard. (AC +5)
You cannot fit into any form of body armour.
You are cold-blooded and may be slowed by cold attacks.


Message History

Where to? (Enter - D:3 @ (x,y), ? - help)
What level of the Dungeon? (default 1, ? - help) HP restored.
There is a stone staircase leading down here.
You climb downwards.
The ball python hisses angrily.
Found a stone staircase leading down.
There is a stone staircase leading up here.
There are monsters nearby!
The jelly quivers. "Never liked these squiggly things."
The ball python reforms as a silver javelin.
Found 18 gold pieces.
The jelly barely misses you.
A dart slug comes into view.
The jelly hits you but does no damage.
Found 25 stones.
Unknown command.
The iguana barely misses you. The jelly completely misses you.
The jelly hits you but does no damage. The iguana bites you!
The dart slug launches a dart at you. The slug dart misses you.
The slug dart hits the iguana.
The dart slug barely misses you. The iguana bites you. The jelly hits you.
You are splashed with acid!
The iguana hisses menacingly.
The jelly hits you but does no damage.
You closely miss the iguana.
Your tail-slap misses the iguana.
The iguana is lightly wounded.
You hit the dart slug but do no damage. You barely miss the jelly.
The iguana bites you.
* * * LOW HITPOINT WARNING * * *
The jelly closely misses you.
You hit the iguana but do no damage.
The iguana is lightly wounded.
You hit the jelly. You freeze the jelly.
Your hands burn!
* * * LOW HITPOINT WARNING * * *
You completely miss the dart slug.
The dart slug bites you but does no damage.
The iguana bites you.
You die...
Xom giggles madly!

. ... ##. .... ##.#
#... ..###..#
#......# ##
##......#### .#..
#.w......... ....#
#.l@........
......##.J.........
......#...........#
#............#...(
#......<.....# #..
.....##.....## .
....# ##.(....#
.#.. #.......... ..
......>..#..$


You could see an iguana, a jelly and a dart slug.

Vanquished Creatures
  A worm (D:3)
  A dart slug (D:2)
  5 ball pythons
  A giant cockroach (D:2)
  2 goblins
  6 hobgoblins
  2 quokkas
  5 bats
  6 frilled lizards
  6 kobolds
  5 rats
40 creatures vanquished.

Notes
Turn   | Place    | Note
-------+----------+-------------------------------------------
     0 | D:1      | yohohoo the Draconian Chaos Knight began the quest for the
                  | Orb.
     0 | D:1      | Reached XP level 1. HP: 19/19 MP: 1/1
    15 | D:1      | XOM: silly message
    17 | D:1      | XOM: silly message
   107 | D:1      | XOM: silly message
   172 | D:1      | Reached XP level 2. HP: 15/26 MP: 2/2
  1205 | D:2      | Found a blossoming altar of Fedhas.
  1286 | D:2      | Reached XP level 3. HP: 24/33 MP: 3/3
  1371 | D:2      | XOM: silly message
  1644 | D:4      | XOM: snakes to sticks
  1659 | D:4      | Slain by an iguana

Illustrated notes

Levels and vault maps discovered:
D:1:      dpeg_arrival_line_fractal, layout_basic, minmay_surrounded
D:2:      layout_rooms, basic_altar
D:3:      layout_loops_ring, mainiacjoe_overflow_boulevard, slow_altar_1
D:4:      layout_cave_pools, mainiacjoe_overflow_concentric_impassable,
          minmay_temple_entry_offerings

Action                   || total
-------------------------++-------
Melee: Hand axe          ||   111
       Tailslap          ||    11
       Punch             ||     1
Evoke: Wand              ||     2
  Use: Scroll            ||     5
 Stab: Sleeping          ||     1
Armor: Skin              ||    47
Dodge: Dodged            ||    76
